AoeStats
← ulisesbazan

Arabia

503162201Analyzed
1v1 RM · 2mo ago on Aug 30, 2026· 57m 31s· 2 players
Game mode
Random Map
Map size
Tiny (2 player)
Population
200
Speed
Normal
Resources
Standard
Victory
Conquest
Starting age
Dark Age
Ending age
Imperial Age
RankedLock teamsTeams togetherTeam positionsShared explorationLock speedFull tech treeHidden civsTurbo modeCheats
Victory
Defeat
🇨🇦 Aztecs · Canada
578
+20
vs
🇦🇷 Inca · Argentina
660
-20
ulisesbazan
8:35 Loom
10:26 Feudal Age
11:23 Double-Bit Axe
11:30 Horse Collar
12:30 Gold Mining
15:32 Champi Runner
16:22 Fletching
22:35 Wheelbarrow
25:46 Castle Age
23:34 Town Watch
23:45 Stone Mining
26:43 Bow Saw
26:39 Heavy Plow
26:58 Town Patrol
26:58 Bodkin Arrow
26:30 Crossbowman
27:16 Thumb Ring
26:43 Elite Skirmisher
26:49 Champi Warrior
30:39 Gold Shaft Mining
30:30 Hand Cart
31:38 Forging
33:30 Stone Shaft Mining
37:31 Ballistics
39:47 Imperial Age
40:07 Iron Casting
39:34 Padded Archer Armor
40:15 Elite Champi Warrior
42:54 Blast Furnace
41:56 Bracer
45:35 Chemistry
44:27 Heated Shot
45:30 Crop Rotation
48:12 Murder Holes
51:31 Arbalester
Tt5
0:45 Loom
12:34 Feudal Age
18:47 Castle Age
19:49 Arson
28:12 Forging
28:31 Scale Mail Armor
31:53 Ballistics
32:40 Squires
34:48 Iron Casting
35:12 Chain Mail Armor
37:07 Fletching
45:14 Imperial Age
44:56 Murder Holes
46:42 Conscription
47:41 Plate Mail Armor
48:44 Blast Furnace
49:18 Garland Wars
Connection lost

Rejoining the realm…

Still unreachable

The connection could not be restored.

Session expired

The server has moved on; the page needs a fresh start.